General information
- name: BNet
- type: Ladder team game (AT/RT)
- host: Battle.net
- saver: MOONAGEDAYDREAM
map: GoldRush
- players: 8
- length: 81:47
- speed: Fast
- version: 1.24 W3XP
- replay type: Public
» download(716 KB)
Players
team 1 (winner)
MOONAGEDAYDREAM (
teal | 130 APM | 10606 actions | 81:46)
7 Archmage
3 Blizzard
3 Brilliance Aura
1 Mass Teleport
8 Mountain King
3 Storm Bolt
3 Thunder Clap
1 Avatar
1 Bash
7 Paladin
3 Holy Light
3 Divine Shield
1 Devotion Aura
» actions
| Assign group hotkey | 216 | |
| Basic commands | 30 | |
| Build / train | 245 | |
| ESC pressed | 9 | |
| Enter build submenu | 127 | |
| Enter hero's abilities submenu | 24 | |
| Give item / drop item | 13 | |
| Remove unit from queue | 9 | |
| Right click | 4958 | |
| Select / deselect | 1853 | |
| Select group hotkey | 2426 | |
| Use ability | 694 | |
10606 total
» units
| Peasant | 55 | |
| Dragonhawk Rider | 24 | |
| Flying Machine | 7 | |
86 total
» upgrades
| Masonry | 3 | |
| Lumber Harvesting | 2 | |
| Armor | 2 | |
| Cloud | 1 | |
8 total
» buildings
| Altar of Kings | 3 | |
| Lumber Mill | 4 | |
| Farm | 8 | |
| Scout Tower | 125 | |
| Guard Tower | 43 | |
| Town Hall | 14 | |
| Arcane Tower | 5 | |
| Keep | 4 | |
| Castle | 1 | |
| Gryphon Aviary | 3 | |
| Arcane Vault | 4 | |
| Blacksmith | 1 | |
| Workshop | 2 | |
217 total
» build order
00:07 Altar of Kings
00:19 Lumber Mill
00:41 Farm
01:04 Scout Tower
01:18 Farm
01:31 Guard Tower
01:40 Scout Tower
02:01 Farm
02:03 Scout Tower
02:06 Guard Tower
02:06 Guard Tower
02:43 Guard Tower
02:45 Scout Tower
03:29 Town Hall
03:37 Guard Tower
04:29 Scout Tower
04:30 Scout Tower
04:51 Scout Tower
04:51 Scout Tower
04:54 Scout Tower
04:54 Scout Tower
04:59 Scout Tower
04:59 Scout Tower
04:59 Scout Tower
05:41 Scout Tower
05:41 Scout Tower
05:41 Scout Tower
05:42 Scout Tower
05:45 Scout Tower
05:51 Guard Tower
05:51 Guard Tower
06:02 Guard Tower
06:03 Guard Tower
06:05 Scout Tower
06:06 Scout Tower
06:20 Arcane Tower
06:58 Guard Tower
06:59 Guard Tower
07:19 Guard Tower
07:28 Guard Tower
07:30 Scout Tower
07:31 Scout Tower
07:31 Scout Tower
07:32 Scout Tower
07:40 Scout Tower
07:40 Scout Tower
07:53 Scout Tower
07:55 Scout Tower
08:05 Keep
08:05 Keep
08:05 Keep
08:50 Guard Tower
08:52 Guard Tower
08:53 Scout Tower
08:54 Scout Tower
08:55 Scout Tower
08:57 Arcane Tower
08:57 Guard Tower
08:58 Guard Tower
09:19 Guard Tower
09:19 Guard Tower
09:24 Lumber Mill
09:36 Guard Tower
09:37 Scout Tower
09:37 Scout Tower
10:35 Scout Tower
10:35 Scout Tower
10:36 Scout Tower
10:36 Scout Tower
10:36 Scout Tower
10:48 Guard Tower
10:50 Scout Tower
10:51 Scout Tower
10:55 Castle
11:05 Guard Tower
11:07 Town Hall
11:10 Guard Tower
11:11 Scout Tower
11:13 Scout Tower
11:13 Scout Tower
11:17 Arcane Tower
11:18 Scout Tower
11:44 Guard Tower
12:41 Arcane Tower
12:42 Arcane Tower
12:49 Scout Tower
12:50 Scout Tower
12:52 Scout Tower
12:52 Scout Tower
12:53 Scout Tower
12:54 Scout Tower
12:54 Scout Tower
12:56 Guard Tower
13:00 Scout Tower
13:01 Scout Tower
13:02 Scout Tower
13:02 Scout Tower
13:03 Scout Tower
13:04 Scout Tower
13:38 Guard Tower
14:37 Guard Tower
14:53 Scout Tower
14:53 Scout Tower
14:53 Scout Tower
14:55 Scout Tower
14:55 Scout Tower
14:55 Scout Tower
14:56 Scout Tower
14:56 Scout Tower
15:17 Guard Tower
15:35 Scout Tower
15:35 Scout Tower
15:36 Scout Tower
15:37 Scout Tower
15:37 Scout Tower
15:38 Scout Tower
15:39 Scout Tower
15:40 Scout Tower
15:40 Scout Tower
15:41 Scout Tower
15:41 Scout Tower
15:43 Guard Tower
15:45 Scout Tower
15:45 Scout Tower
15:46 Scout Tower
15:47 Scout Tower
16:40 Guard Tower
16:56 Guard Tower
17:20 Guard Tower
17:23 Lumber Mill
17:26 Gryphon Aviary
17:33 Guard Tower
17:51 Gryphon Aviary
18:06 Gryphon Aviary
18:46 Guard Tower
18:49 Arcane Vault
19:30 Farm
20:03 Farm
20:04 Farm
20:06 Blacksmith
20:07 Farm
20:08 Farm
20:09 Guard Tower
20:12 Scout Tower
20:13 Scout Tower
20:13 Scout Tower
20:14 Scout Tower
20:15 Scout Tower
20:15 Scout Tower
20:16 Scout Tower
20:17 Scout Tower
20:17 Scout Tower
20:18 Scout Tower
20:19 Scout Tower
20:20 Scout Tower
20:20 Scout Tower
20:21 Scout Tower
20:22 Scout Tower
20:22 Scout Tower
20:23 Scout Tower
20:24 Scout Tower
20:47 Guard Tower
21:20 Guard Tower
21:23 Scout Tower
21:24 Scout Tower
21:24 Scout Tower
21:25 Scout Tower
21:28 Town Hall
21:32 Scout Tower
21:32 Scout Tower
21:33 Scout Tower
21:33 Scout Tower
21:34 Scout Tower
21:34 Scout Tower
21:34 Scout Tower
21:35 Scout Tower
21:35 Scout Tower
21:46 Scout Tower
21:48 Scout Tower
21:48 Scout Tower
21:49 Scout Tower
21:50 Scout Tower
21:51 Scout Tower
21:51 Scout Tower
21:52 Scout Tower
22:01 Guard Tower
23:23 Guard Tower
23:27 Guard Tower
23:28 Guard Tower
23:28 Guard Tower
25:45 Town Hall
27:24 Lumber Mill
30:51 Town Hall
32:19 Workshop
33:07 Town Hall
33:59 Arcane Vault
34:32 Altar of Kings
35:08 Arcane Vault
35:09 Arcane Vault
36:59 Workshop
39:32 Town Hall
46:43 Town Hall
49:21 Altar of Kings
52:31 Town Hall
56:18 Scout Tower
56:18 Scout Tower
56:19 Scout Tower
61:15 Town Hall
61:15 Town Hall
66:53 Scout Tower
66:54 Scout Tower
72:14 Town Hall
77:29 Town Hall
78:03 Town Hall
» items
| Lesser Clarity Potion | 16 | |
| Staff of Teleportation | 3 | |
| Potion of Lesser Invulnerability | 4 | |
| Staff of Sanctuary | 3 | |
| Scroll of Town Portal | 8 | |
| Scroll of Regeneration | 6 | |
| Potion of Healing | 1 | |
| Scroll of Healing | 2 | |
| Boots of Speed | 1 | |
| Scroll of Speed | 1 | |
| Healing Salve | 1 | |
| Tome of Retraining | 1 | |
47 total
Shofal (
pink | 105 APM | 8563 actions | 81:45)
10 Blademaster
3 Wind Walk
3 Critical Strike
1 Bladestorm
3 Mirror Image
6 Pandaren Brewmaster
3 Breath of Fire
2 Drunken Haze
1 Storm Earth and Fire
» actions
| Assign group hotkey | 419 | |
| Basic commands | 23 | |
| Build / train | 141 | |
| ESC pressed | 10 | |
| Enter build submenu | 45 | |
| Enter hero's abilities submenu | 21 | |
| Give item / drop item | 16 | |
| Remove unit from queue | 2 | |
| Right click | 4735 | |
| Select / deselect | 1616 | |
| Select group hotkey | 926 | |
| Use ability | 605 | |
8563 total
» units
| Peon | 35 | |
| Troll Batrider | 3 | |
| Kodo Beast | 1 | |
39 total
» upgrades
» buildings
| War Mill | 2 | |
| Orc Burrow | 8 | |
| Altar of Storms | 3 | |
| Voodoo Lounge | 7 | |
| Watch Tower | 13 | |
| Stronghold | 4 | |
| Great Hall | 6 | |
| Fortress | 2 | |
| Beastiary | 2 | |
47 total
» build order
00:05 War Mill
00:18 Orc Burrow
01:10 Altar of Storms
02:11 Voodoo Lounge
02:15 Watch Tower
02:18 Watch Tower
02:47 Orc Burrow
04:01 Watch Tower
04:49 Watch Tower
05:36 Stronghold
05:38 Watch Tower
06:47 Watch Tower
06:49 Watch Tower
07:09 Great Hall
07:26 Voodoo Lounge
07:26 Watch Tower
07:27 Watch Tower
09:31 Fortress
09:32 Fortress
10:11 Voodoo Lounge
10:50 Beastiary
10:52 Beastiary
11:22 Great Hall
13:31 Watch Tower
15:19 Watch Tower
15:19 Watch Tower
15:21 Watch Tower
16:54 Stronghold
16:55 Stronghold
17:36 Great Hall
19:38 Orc Burrow
19:40 Orc Burrow
21:56 Orc Burrow
22:21 War Mill
25:47 Great Hall
26:46 Great Hall
28:45 Altar of Storms
30:26 Orc Burrow
33:00 Voodoo Lounge
41:08 Altar of Storms
41:09 Orc Burrow
43:59 Voodoo Lounge
47:25 Voodoo Lounge
50:15 Orc Burrow
56:19 Voodoo Lounge
63:09 Great Hall
» items
| Lesser Clarity Potion | 31 | |
| Scroll of Speed | 1 | |
| Healing Salve | 12 | |
| Boots of Speed | 3 | |
| Circlet of Nobility | 1 | |
| Staff of Teleportation | 3 | |
| Potion of Lesser Invulnerability | 5 | |
| Orb of Lightning | 1 | |
| Potion of Mana | 1 | |
| Potion of Healing | 2 | |
| Scroll of Regeneration | 3 | |
| Scroll of Protection | 1 | |
| Scroll of Town Portal | 2 | |
66 total
THE_GHOUL (
green | 64 APM | 5244 actions | 81:45)
10 Blademaster
3 Wind Walk
3 Critical Strike
1 Bladestorm
3 Mirror Image
» actions
| Assign group hotkey | 4 | |
| Build / train | 58 | |
| ESC pressed | 7 | |
| Enter build submenu | 15 | |
| Enter hero's abilities submenu | 11 | |
| Give item / drop item | 5 | |
| Right click | 4253 | |
| Select / deselect | 653 | |
| Select group hotkey | 8 | |
| Use ability | 230 | |
5244 total
» units
» buildings
| Altar of Storms | 2 | |
| Orc Burrow | 2 | |
| War Mill | 1 | |
| Voodoo Lounge | 1 | |
| Watch Tower | 5 | |
11 total
» build order
00:09 Altar of Storms
00:19 Orc Burrow
00:43 War Mill
01:13 Voodoo Lounge
02:02 Watch Tower
02:34 Watch Tower
02:54 Watch Tower
04:42 Watch Tower
04:45 Watch Tower
06:33 Orc Burrow
07:20 Altar of Storms
» items
| Healing Salve | 7 | |
| Lesser Clarity Potion | 11 | |
| Boots of Speed | 1 | |
| Orb of Lightning | 1 | |
| Scroll of Town Portal | 4 | |
| Scroll of Regeneration | 3 | |
| Potion of Lesser Invulnerability | 1 | |
28 total
vovalol112 (
orange | 89 APM | 7296 actions | 81:45)
6 Archmage
3 Blizzard
2 Brilliance Aura
1 Mass Teleport
4 Blood Mage
1 Flame Strike
1 Banish
2 Siphon Mana
» actions
| Assign group hotkey | 8 | |
| Basic commands | 1 | |
| Build / train | 117 | |
| Enter build submenu | 73 | |
| Enter hero's abilities submenu | 11 | |
| Give item / drop item | 7 | |
| Right click | 5391 | |
| Select / deselect | 1217 | |
| Select group hotkey | 228 | |
| Use ability | 242 | |
7296 total
» units
| Peasant | 33 | |
| Dragonhawk Rider | 4 | |
37 total
» upgrades
| Masonry | 2 | |
| Lumber Harvesting | 1 | |
3 total
» buildings
| Altar of Kings | 4 | |
| Farm | 8 | |
| Lumber Mill | 1 | |
| Scout Tower | 70 | |
| Arcane Tower | 7 | |
| Guard Tower | 23 | |
| Town Hall | 2 | |
| Arcane Vault | 1 | |
| Keep | 1 | |
| Gryphon Aviary | 6 | |
123 total
» build order
00:07 Altar of Kings
00:19 Farm
00:27 Lumber Mill
01:29 Farm
01:34 Scout Tower
01:35 Scout Tower
01:36 Scout Tower
01:38 Scout Tower
01:40 Scout Tower
01:43 Scout Tower
01:44 Scout Tower
02:30 Farm
03:14 Arcane Tower
03:15 Guard Tower
03:24 Scout Tower
03:26 Scout Tower
03:40 Arcane Tower
04:09 Guard Tower
04:09 Arcane Tower
04:52 Town Hall
05:53 Scout Tower
06:16 Guard Tower
06:57 Scout Tower
06:59 Scout Tower
07:00 Scout Tower
07:02 Scout Tower
07:17 Guard Tower
07:18 Scout Tower
07:20 Scout Tower
07:21 Scout Tower
07:21 Scout Tower
07:32 Guard Tower
08:51 Scout Tower
08:52 Scout Tower
08:53 Scout Tower
08:56 Guard Tower
09:02 Arcane Vault
09:18 Guard Tower
09:53 Scout Tower
09:53 Scout Tower
09:54 Scout Tower
09:55 Scout Tower
09:58 Scout Tower
09:58 Scout Tower
10:00 Scout Tower
10:05 Scout Tower
10:06 Scout Tower
10:07 Scout Tower
10:22 Guard Tower
10:37 Guard Tower
10:39 Guard Tower
11:17 Guard Tower
12:08 Scout Tower
12:10 Scout Tower
12:11 Scout Tower
12:12 Scout Tower
12:13 Scout Tower
12:28 Guard Tower
12:36 Keep
12:46 Scout Tower
12:46 Scout Tower
12:47 Scout Tower
12:47 Scout Tower
12:48 Scout Tower
13:07 Guard Tower
13:25 Guard Tower
13:36 Guard Tower
14:06 Guard Tower
14:31 Scout Tower
14:32 Scout Tower
14:33 Scout Tower
14:43 Guard Tower
15:24 Guard Tower
16:00 Guard Tower
16:10 Scout Tower
16:11 Scout Tower
16:12 Scout Tower
16:12 Scout Tower
16:17 Scout Tower
16:17 Scout Tower
16:18 Scout Tower
16:18 Scout Tower
16:27 Gryphon Aviary
16:28 Gryphon Aviary
16:31 Gryphon Aviary
16:33 Gryphon Aviary
16:40 Gryphon Aviary
16:43 Gryphon Aviary
16:46 Farm
16:49 Farm
16:51 Farm
16:52 Farm
16:58 Guard Tower
17:39 Guard Tower
17:40 Guard Tower
18:05 Farm
18:09 Guard Tower
18:15 Scout Tower
18:15 Scout Tower
19:00 Altar of Kings
20:01 Scout Tower
20:02 Scout Tower
20:03 Scout Tower
20:05 Scout Tower
20:05 Scout Tower
20:06 Scout Tower
20:07 Scout Tower
20:08 Scout Tower
20:09 Scout Tower
20:37 Arcane Tower
21:06 Altar of Kings
22:43 Scout Tower
22:44 Scout Tower
22:45 Scout Tower
22:46 Scout Tower
22:51 Scout Tower
22:52 Scout Tower
22:53 Scout Tower
23:12 Arcane Tower
24:06 Arcane Tower
26:16 Arcane Tower
35:30 Altar of Kings
40:45 Town Hall
» items
| Boots of Speed | 1 | |
| Staff of Teleportation | 1 | |
| Scroll of Regeneration | 3 | |
| Lesser Clarity Potion | 3 | |
| Potion of Healing | 3 | |
| Scroll of Town Portal | 2 | |
| Ivory Tower | 12 | |
| Orb of Fire | 1 | |
| Staff of Sanctuary | 1 | |
| Potion of Lesser Invulnerability | 2 | |
| Healing Salve | 4 | |
| Scroll of Speed | 1 | |
34 total
team 2 (loser)
konradek (
red | 70 APM | 5732 actions | 81:45)
10 Pandaren Brewmaster
3 Breath of Fire
3 Drunken Haze
1 Storm Earth and Fire
3 Drunken Brawler
1 Demon Hunter
1 Mana Burn
» actions
| Assign group hotkey | 38 | |
| Basic commands | 3 | |
| Build / train | 126 | |
| Enter build submenu | 40 | |
| Enter hero's abilities submenu | 11 | |
| Give item / drop item | 2 | |
| Remove unit from queue | 12 | |
| Right click | 3472 | |
| Select / deselect | 1187 | |
| Select group hotkey | 513 | |
| Use ability | 326 | |
5732 total
» units
| Wisp | 54 | |
| Huntress | 4 | |
| Druid of the Claw | 6 | |
| Mountain Giant | 6 | |
| Hippogryph | 2 | |
| Chimaera | 4 | |
76 total
» upgrades
| Strength of the Wild | 3 | |
| Druid of the Claw Training | 2 | |
| Reinforced Hides | 3 | |
| Mark of the Claw | 1 | |
| Hardened Skin | 1 | |
| Resistant Skin | 1 | |
| Corrosive Breath | 1 | |
12 total
» buildings
| Hunter's Hall | 2 | |
| Ancient of War | 2 | |
| Altar of Elders | 1 | |
| Moon Well | 11 | |
| Tree of Ages | 1 | |
| Ancient of Lore | 3 | |
| Tree of Eternity | 1 | |
| Ancient of Wonders | 1 | |
| Ancient of Wind | 1 | |
| Tree of Life | 8 | |
| Chimaera Roost | 3 | |
| Ancient Protector | 3 | |
37 total
» build order
00:45 Hunter's Hall
00:53 Ancient of War
01:07 Altar of Elders
01:24 Moon Well
01:38 Ancient of War
02:29 Moon Well
03:52 Tree of Ages
04:33 Moon Well
06:10 Moon Well
06:14 Ancient of Lore
06:16 Ancient of Lore
06:18 Ancient of Lore
08:54 Tree of Eternity
09:34 Ancient of Wonders
10:13 Moon Well
10:16 Moon Well
16:27 Moon Well
17:31 Ancient of Wind
23:54 Tree of Life
24:15 Tree of Life
26:08 Moon Well
27:22 Moon Well
27:26 Moon Well
27:27 Moon Well
28:53 Tree of Life
39:44 Hunter's Hall
39:48 Chimaera Roost
39:49 Chimaera Roost
39:50 Chimaera Roost
41:02 Tree of Life
42:11 Tree of Life
42:27 Ancient Protector
42:27 Ancient Protector
42:51 Ancient Protector
50:28 Tree of Life
55:11 Tree of Life
56:30 Tree of Life
» items
| Potion of Healing | 4 | |
| Potion of Mana | 1 | |
| Dust of Appearance | 2 | |
| Boots of Speed | 1 | |
| Staff of Teleportation | 1 | |
9 total
logoss8811 (
yellow | 61 APM | 4880 actions | 80:09)
10 Pandaren Brewmaster
3 Breath of Fire
3 Drunken Brawler
3 Drunken Haze
1 Storm Earth and Fire
» actions
| Assign group hotkey | 96 | |
| Basic commands | 2 | |
| Build / train | 99 | |
| Enter build submenu | 32 | |
| Enter hero's abilities submenu | 10 | |
| Give item / drop item | 2 | |
| Remove unit from queue | 8 | |
| Right click | 2069 | |
| Select / deselect | 991 | |
| Select group hotkey | 1395 | |
| Use ability | 173 | |
4880 total
» units
| Acolyte | 15 | |
| Gargoyle | 21 | |
| Frost Wyrm | 21 | |
57 total
» upgrades
| Creature Attack | 3 | |
| Creature Carapace | 3 | |
| Freezing Breath | 1 | |
7 total
» buildings
| Halls of the Dead | 3 | |
| Altar of Darkness | 2 | |
| Ziggurat | 8 | |
| Graveyard | 1 | |
| Tomb of Relics | 1 | |
| Crypt | 4 | |
| Black Citadel | 3 | |
| Necropolis | 1 | |
| Sacrificial Pit | 1 | |
| Boneyard | 4 | |
28 total
» build order
00:37 Halls of the Dead
00:37 Halls of the Dead
00:37 Halls of the Dead
00:44 Altar of Darkness
01:12 Ziggurat
01:37 Graveyard
01:54 Tomb of Relics
02:32 Crypt
02:40 Crypt
02:42 Ziggurat
02:48 Crypt
03:03 Ziggurat
04:30 Ziggurat
04:35 Crypt
04:36 Ziggurat
06:59 Black Citadel
06:59 Black Citadel
09:48 Necropolis
10:09 Sacrificial Pit
10:12 Ziggurat
11:30 Boneyard
11:31 Boneyard
11:32 Boneyard
11:34 Boneyard
39:44 Ziggurat
39:44 Ziggurat
77:42 Altar of Darkness
» items
| Rod of Necromancy | 1 | |
| Staff of Teleportation | 2 | |
3 total
PiotrekSiti (
purple | 46 APM | 3755 actions | 81:28)
10 Pandaren Brewmaster
3 Breath of Fire
3 Drunken Brawler
1 Storm Earth and Fire
3 Drunken Haze
2 Mountain King
1 Storm Bolt
1 Bash
» actions
| Assign group hotkey | 96 | |
| Build / train | 151 | |
| Enter build submenu | 25 | |
| Enter hero's abilities submenu | 13 | |
| Give item / drop item | 8 | |
| Remove unit from queue | 5 | |
| Right click | 2262 | |
| Select / deselect | 888 | |
| Select group hotkey | 54 | |
| Use ability | 253 | |
3755 total
» units
| Peasant | 36 | |
| Dragonhawk Rider | 13 | |
| Gryphon Rider | 12 | |
| Mortar Team | 10 | |
| Siege Engine | 3 | |
| Flying Machine | 2 | |
76 total
» upgrades
| Lumber Harvesting | 2 | |
| Cloud | 1 | |
| Storm Hammers | 1 | |
| Swords | 3 | |
| Armor | 4 | |
| Gunpowder | 1 | |
| Fragmentation Shards | 1 | |
| Flak Cannons | 1 | |
14 total
» buildings
| Farm | 9 | |
| Altar of Kings | 1 | |
| Scout Tower | 1 | |
| Lumber Mill | 1 | |
| Arcane Tower | 1 | |
| Keep | 1 | |
| Arcane Vault | 1 | |
| Castle | 1 | |
| Gryphon Aviary | 2 | |
| Blacksmith | 1 | |
| Town Hall | 7 | |
| Workshop | 2 | |
28 total
» build order
00:07 Farm
00:11 Altar of Kings
00:51 Farm
01:42 Farm
01:53 Scout Tower
02:22 Lumber Mill
02:28 Arcane Tower
03:54 Keep
04:23 Arcane Vault
04:52 Farm
06:21 Castle
06:24 Gryphon Aviary
06:28 Gryphon Aviary
07:31 Farm
07:32 Farm
07:33 Farm
08:35 Blacksmith
08:50 Farm
11:12 Town Hall
20:24 Town Hall
25:36 Workshop
26:15 Workshop
39:28 Farm
41:29 Town Hall
54:52 Town Hall
61:59 Town Hall
67:11 Town Hall
77:05 Town Hall
» items
| Scroll of Regeneration | 9 | |
| Lesser Clarity Potion | 12 | |
| Potion of Healing | 3 | |
| Staff of Sanctuary | 2 | |
| Scroll of Town Portal | 5 | |
| Orb of Fire | 1 | |
| Dust of Appearance | 1 | |
| Potion of Lesser Invulnerability | 2 | |
| Staff of Teleportation | 1 | |
| Boots of Speed | 2 | |
38 total
smoq. (
blue | 41 APM | 3335 actions | 81:35)
9 Pandaren Brewmaster
3 Breath of Fire
3 Drunken Brawler
1 Storm Earth and Fire
2 Drunken Haze
» actions
| Assign group hotkey | 20 | |
| Build / train | 76 | |
| Enter build submenu | 13 | |
| Enter hero's abilities submenu | 9 | |
| Give item / drop item | 2 | |
| Remove unit from queue | 14 | |
| Right click | 2446 | |
| Select / deselect | 511 | |
| Select group hotkey | 61 | |
| Use ability | 177 | |
3335 total
» units
| Peon | 7 | |
| Grunt | 6 | |
| Shaman | 9 | |
| Troll Witch Doctor | 4 | |
26 total
» upgrades
| Shaman Training | 2 | |
| Armor | 1 | |
| Reinforced Defenses | 1 | |
| Witch Doctor Training | 2 | |
6 total
» buildings
| Altar of Storms | 1 | |
| Orc Burrow | 6 | |
| Barracks | 1 | |
| Voodoo Lounge | 1 | |
| Stronghold | 1 | |
| War Mill | 1 | |
| Fortress | 1 | |
| Spirit Lodge | 3 | |
15 total
» build order
00:08 Altar of Storms
00:14 Orc Burrow
00:32 Barracks
01:47 Orc Burrow
02:31 Voodoo Lounge
03:42 Stronghold
04:32 Orc Burrow
04:40 War Mill
06:44 Fortress
06:47 Spirit Lodge
06:49 Spirit Lodge
09:00 Spirit Lodge
09:15 Orc Burrow
09:16 Orc Burrow
13:30 Orc Burrow
» items
| Lesser Clarity Potion | 3 | |
| Dust of Appearance | 1 | |
| Moonstone | 1 | |
| Potion of Healing | 4 | |
| Potion of Mana | 1 | |
| Orb of Venom | 2 | |
| Anti-magic Potion | 1 | |
| Scroll of Town Portal | 1 | |
| Boots of Speed | 2 | |
| Orb of Lightning | 1 | |
17 total
Chat log
(00:26 / Allies) MOONAGEDAYDREAM: gilad
(00:28 / Allies) MOONAGEDAYDREAM: u need t2 and g3
(00:29 / Allies) MOONAGEDAYDREAM: t3
(00:31 / Allies) MOONAGEDAYDREAM: for bonus exp
(00:41 / Allies) Shofal: its 2 hard to talk
(00:45 / Allies) MOONAGEDAYDREAM: with dvir
(00:45 / Allies) Shofal: when dvir is around
(00:46 / Allies) MOONAGEDAYDREAM: xD
(00:54 / Allies) vovalol112: lol
(11:58 / All) THE_GHOUL: gg
(80:12 / All) MOONAGEDAYDREAM: :D
(80:12 / All) MOONAGEDAYDREAM: :D
(80:13 / All) MOONAGEDAYDREAM: :D
(80:13 / All) MOONAGEDAYDREAM: :D
(80:15 / All) MOONAGEDAYDREAM: gg noobs
(80:21 / All) vovalol112: gg noobs
(81:31 / All) THE_GHOUL: gg